 Dungeon Crawl Stone Soup version 0.29-a0-529-gfa20dd96a1 (webtiles) character file.

Game seed: 12045444446594864067

9221 hquester1 the Covert (level 11, -7/60 HPs)
             Began as a Deep Elf Conjurer on June 1, 2022.
             Was an Initiate of Sif Muna.
             Mangled by a brown ugly thing (9 damage)
             ... on level 10 of the Dungeon.
             The game lasted 01:30:17 (11143 turns).

hquester1 the Covert (Deep Elf Conjurer)           Turns: 11143, Time: 01:30:18

Health: -7/60      AC:  8    Str:  4    XL:     11   Next: 20%
Magic:  3/32       EV: 15    Int: 28    God:    Sif Muna [......]
Gold:   552        SH:  0    Dex: 13    Spells: 13/24 levels left

rFire   + . .      SeeInvis +   x - staff of conjuration
rCold   + + .      Faith    .   (no shield)
rNeg    . . .      Spirit   .   r - +2 robe of the Equator {rC+ Stlth+}
rPois   +          Reflect  .   I - +2 helmet
rElec   +          Harm     .   a - +2 cloak {rPois}
rCorr   +          Rampage  .   g - +0 pair of gloves
Will    +....                   q - +0 pair of boots
Stlth   +++++.....              (no amulet)
HPRegen 0.20/turn               n - ring of see invisible
MPRegen 0.23/turn               u - ring of magical power

@: resistant, corroded
A: no striking features
a: Renounce Religion


You were on level 10 of the Dungeon.
You worshipped Sif Muna.
Sif Muna was noncommittal.
You visited 2 branches of the dungeon, and saw 11 of its levels.
You also visited: Sewer.

You collected 552 gold pieces.

Inventory:

Hand Weapons
 d - a +4 quarterstaff of venom
 p - a +1 dagger of venom
Missiles
 b - 2 throwing nets
Armour
 a - a +2 cloak of poison resistance (worn)
 g - a +0 pair of gloves (worn)
 q - a +0 pair of boots (worn)
 r - the +2 robe of the Equator (worn) {rC+ Stlth+}
   (You found it on level 2 of the Dungeon)

   rC:        It protects you from cold.
   Stlth:     It makes you more stealthy.
 t - +0 ice dragon scales
 I - a +2 helmet (worn)
Magical Staves
 x - a staff of conjuration (weapon)
 y - a staff of cold
Jewellery
 n - a ring of see invisible (left hand)
 u - a ring of magical power (right hand)
 A - a ring of flight
Wands
 c - a wand of paralysis (10)
 o - a wand of acid (5)
 w - a wand of iceblast (6)
 z - a wand of digging (7)
 B - a wand of flame (14)
Scrolls
 i - 4 scrolls of teleportation
 s - 2 scrolls of enchant weapon
 C - 2 scrolls of summoning
 E - a scroll of silence
 J - a scroll of fear
Potions
 e - 4 potions of heal wounds
 f - 6 potions of curing
 h - 3 potions of attraction
 k - 3 potions of flight
 l - 3 potions of lignification
 m - 2 potions of mutation
 v - a potion of ambrosia
 D - 4 potions of might
 F - a potion of brilliance
 G - a potion of cancellation
 L - a potion of berserk rage {unknown}


   Skills:
 - Level 3.8 Fighting
 - Level 2.1 Short Blades
 - Level 5.0 Staves
 + Level 8.7 Dodging
 + Level 9.7 Stealth
 - Level 7.1 Spellcasting
 - Level 8.0 Conjurations
 + Level 4.2 Hexes
 - Level 7.0 Poison Magic
 + Level 6.6 Evocations


You had 13 spell levels left.
You knew the following spells:

 Your Spells              Type           Power      Damage    Failure   Level
a - Magic Dart            Conj           100%       1d8       1%          1
b - Searing Ray           Conj           100%       2d8       1%          2
c - Fulminant Prism       Conj/Hex       30%        3d16      4%          4
d - Olgreb's Toxic Radia  Pois           49%        N/A       3%          4

Your spell library contained the following spells:

 Spells                   Type           Power      Damage    Failure   Level
 Sting                    Tmut/Pois      100%       1d8       1%          1
 Poisonous Vapours        Pois/Air       58%        N/A       1%          2
 Dazzling Flash           Conj/Hex       100%       N/A       1%          3
 Mephitic Cloud           Conj/Pois/Air  54%        N/A       1%          3
 Blink                    Tloc           20%        N/A       9%          2
 Call Imp                 Summ           10%        N/A       9%          2
 Iskenderun's Mystic Bla  Conj/Tloc      48%        2d11      11%         4
 Corpse Rot               Necr/Pois/Air  23%        N/A       21%         4
 Animate Armour           Summ/Erth      20%        N/A       47%         4
 Blade Hands              Tmut           5%         N/A       83%         5
 Manifold Assault         Tloc           10%        N/A       83%         5
 Iron Shot                Conj/Erth      24%        9d5       85%         6
 Storm Form               Tmut/Air       5%         N/A       100%        7


Dungeon Overview and Level Annotations

Branches:
Dungeon (10/15)            Temple (1/1) D:7            Lair (0/6) D:9
    Orc (0/2) D:9           Sewer (visited)

Altars:
Ashenzari
Cheibriados
Dithmenos
Elyvilon
Fedhas
Gozag
Hepliaklqana
Kikubaaqudgha
Makhleb
Nemelex Xobeh
Okawaru
Qazlal
Ru
Sif Muna
Trog
Uskayaw
Vehumet
Wu Jian
Xom
Yredelemnul
Zin
The Shining One

Shops:
D:4 =   D:8 [   D:9 *

Annotations:
D:10 Josephine


Message History

The searing ray misses the brown ugly thing.
The brown ugly thing punches you. The acid corrodes you!
You are splashed with acid!
The searing ray hits the brown ugly thing.
The brown ugly thing is almost dead.
You finish channelling your searing ray.
The brown ugly thing punches you!
* * * LOW HITPOINT WARNING * * *
You are splashed with acid!
* * * LOW HITPOINT WARNING * * *
Casting: Searing Ray (safe; 1% risk of failure)
Confirm with . or Enter, or press ? or * to list all spells.
Aiming: Searing Ray (safe; 1% risk of failure)
Press: ? - help, Shift-Dir - straight line, f/p - brown ugly thing
Aim: a brown ugly thing (almost dead, 83% to hit)
You feel a surge of power!
The searing ray hits the brown ugly thing but does no damage.
The brown ugly thing is almost dead. (Press . to maintain the ray.)
The brown ugly thing punches you but does no damage.
You feel better.
The brown ugly thing punches you but does no damage.
You feel protected.
The brown ugly thing closely misses you.
The brown ugly thing attacks as you move away!
The brown ugly thing punches you but does no damage.
The brown ugly thing closely misses you.
The brown ugly thing attacks as you move away!
The brown ugly thing punches you.
* * * LOW HITPOINT WARNING * * *
You are splashed with acid.
You resist.
* * * LOW HITPOINT WARNING * * *
The brown ugly thing attacks as you move away!
The brown ugly thing punches you!
* * * LOW HITPOINT WARNING * * *
You are splashed with acid.
You resist.
* * * LOW HITPOINT WARNING * * *
As you read the scroll of summoning, it crumbles to dust.
Wisps of shadow whirl around you... The brown ugly thing punches you!
You die...

##### ##...##
##.....## #########
#.......# ........##
#.......# #######..#
#.......# ##.#
##.....##
##.###########h....##
#.......Wu@ho.o.....#
#.)....######.......#
###.....# ##..o....#
#####......##
#.......##
#.....##..†#
####.##...## #####
####..##...#
#....###### #....
##*##...###.####
#.... #u#..#.#...#
#.... #...##...###
##########....


You could see a brown ugly thing (ally target), a friendly wraith (summoned), 2
friendly howler monkeys, a friendly orc wizard (summoned) and 2 friendly orcs.

Vanquished Creatures
  Harold (D:10)
  A two-headed ogre (D:9)
  Sonja (D:10)
  A deep elf pyromancer (D:8)
  A kobold demonologist (D:10)
  A hornet (D:10)
  A shadow (D:9)
  8 yaks
  4 wyverns
  2 wraiths
  A steam dragon (D:8)
  4 vampire mosquitoes (D:10)
  3 wargs (D:9)
  An acid dragon (D:10)
  2 sky beasts
  2 black bears (D:6)
  An ogre (D:6)
  3 centaurs
  A gnoll sergeant (D:9)
  2 necrophages (D:5)
  3 kobold brigands
  2 scorpions (D:4)
  17 killer bees
  2 howler monkeys
  2 vampire bats (D:6)
  A jelly (D:6)
  Crazy Yiuf (D:3)
  A gnoll shaman (D:9)
  5 orc priests
  2 hounds
  4 iguanas
  8 orc wizards
  11 gnolls
  9 adders
  6 white imps
  2 ufetubi
  4 worms
  3 dart slugs (D:2)
  17 orcs
  9 bats
  9 endoplasms
  7 giant cockroaches
  9 goblins
  A hobgoblin (D:3)
  5 jackals
  4 quokkas
  4 ball pythons
  6 frilled lizards
  20 kobolds
  10 rats
225 creatures vanquished.

Vanquished Creatures (collateral kills)
  A troll (D:9)
  A bullfrog (D:9)
2 creatures vanquished.

Vanquished Creatures (others)
  9 fulminant prisms (D:10)
  5 plants (D:10)
14 creatures vanquished.

Grand Total: 241 creatures vanquished

Notes
Turn   | Place    | Note
-------+----------+-------------------------------------------
     0 | D:1      | hquester1 the Deep Elf Conjurer began the quest for the
                  | Orb.
     0 | D:1      | Reached XP level 1. HP: 10/10 MP: 6/6
   202 | D:1      | Reached XP level 2. HP: 15/15 MP: 1/8
   340 | D:1      | Found a faded altar of an unknown god.
   670 | D:2      | Reached skill level 3 in Stealth
   673 | D:2      | Reached skill level 1 in Poison Magic
   679 | D:2      | Learned a level 2 spell: Searing Ray
   731 | D:2      | Reached XP level 3. HP: 19/19 MP: 1/9
   979 | D:2      | Learned a level 2 spell: Poisonous Vapours
  1134 | D:2      | Identified the +2 robe of the Equator {rC+ Stlth+}
  1533 | D:2      | Reached XP level 4. HP: 24/24 MP: 10/10
  2089 | D:3      | Reached skill level 1 in Short Blades
  2326 | D:3      | Found a sacrificial altar of Ru.
  2330 | D:3      | Reached skill level 5 in Conjurations
  2522 | D:3      | Found a burning altar of Makhleb.
  2742 | D:3      | Found a runed translucent door.
  2746 | D:3      | Noticed Crazy Yiuf
  2754 | D:3      | Killed Crazy Yiuf
  2755 | D:3      | Reached XP level 5. HP: 28/28 MP: 3/11
  2869 | D:4      | Noticed a sky beast
  2906 | D:4      | Found Ziotir's Jewellery Boutique.
  3055 | D:4      | Reached skill level 4 in Stealth
  3074 | D:4      | Reached XP level 6. HP: 32/32 MP: 7/12
  3095 | D:4      | Found a glowing golden altar of the Shining One.
  3361 | D:4      | Killed a sky beast
  3587 | D:4      | Learned a level 4 spell: Olgreb's Toxic Radiance
  3618 | D:5      | Entered Level 5 of the Dungeon
  3630 | D:5      | Found a radiant altar of Vehumet.
  3670 | D:5      | Reached skill level 1 in Staves
  3683 | D:5      | Reached XP level 7. HP: 25/36 MP: 5/13
  3864 | D:5      | Reached skill level 5 in Stealth
  3918 | D:5      | Reached skill level 5 in Dodging
  4172 | D:5      | Reached skill level 1 in Evocations
  4172 | D:5      | Identified the +11 spear "Leczafah" {protect, Contam Str+8
                  | Int+3}
  4457 | D:6      | Found a glowing silver altar of Zin.
  4501 | D:6      | Noticed a wraith
  4510 | D:6      | Killed a wraith
  4511 | D:6      | Reached skill level 1 in Fighting
  4530 | D:6      | Found a blossoming altar of Fedhas.
  4590 | D:6      | Found a glowing drain.
  4598 | Sewer    | Entered a sewer
  4755 | Sewer    | Reached XP level 8. HP: 43/43 MP: 12/16
  4870 | Sewer    | Found a white marble altar of Elyvilon.
  5506 | D:6      | Reached skill level 6 in Stealth
  5661 | D:6      | Found an iron altar of Okawaru.
  5664 | D:6      | Found a white marble altar of Elyvilon.
  5667 | D:6      | Found a broken altar of Ashenzari.
  6021 | D:7      | Found a staircase to the Ecumenical Temple.
  6030 | Temple   | Entered the Ecumenical Temple
  6731 | D:7      | Found a hazy altar of Hepliaklqana.
  6841 | D:8      | Reached skill level 5 in Spellcasting
  7052 | D:8      | Reached XP level 9. HP: 49/49 MP: 18/18
  7141 | D:8      | Reached skill level 5 in Poison Magic
  7172 | D:8      | Noticed a deep elf pyromancer
  7196 | D:8      | Killed a deep elf pyromancer
  7316 | D:8      | Reached skill level 7 in Stealth
  7527 | D:8      | Found Sok Xaud's Armour Boutique.
  8094 | D:9      | Noticed a two-headed ogre
  8129 | D:9      | Killed a two-headed ogre
  8485 | D:9      | Found a staircase to the Orcish Mines.
  8627 | D:9      | Noticed a troll
  8652 | D:9      | Killed a troll
  8653 | D:9      | Reached XP level 10. HP: 56/56 MP: 21/21
  8869 | D:9      | Reached skill level 5 in Evocations
  8940 | D:9      | Reached skill level 8 in Stealth
  9004 | D:9      | Found Dunul's Assorted Antiques.
  9271 | D:9      | Found a staircase to the Lair.
  9449 | D:10     | Entered Level 10 of the Dungeon
  9457 | D:10     | Noticed Sonja
  9696 | D:10     | Learned a level 4 spell: Fulminant Prism
  9958 | D:10     | Noticed a brown ugly thing
 10103 | D:10     | Reached skill level 5 in Staves
 10108 | D:10     | Reached skill level 1 in Hexes
 10176 | D:10     | Killed Sonja
 10526 | D:10     | Found a snail-covered altar of Cheibriados.
 10526 | D:10     | Found a shimmering blue altar of Sif Muna.
 10536 | D:10     | Became a worshipper of Sif Muna the Loreminder
 10576 | D:10     | Reached skill level 9 in Stealth
 10612 | D:10     | Reached XP level 11. HP: 17/60 MP: 11/23
 10813 | D:10     | Noticed Harold
 10827 | D:10     | Found a sparkling altar of Nemelex Xobeh.
 10896 | D:10     | Killed Harold
 10921 | D:10     | Noticed Josephine
 11142 | D:10     | HP: 2/60 [acid (4)]
 11143 | D:10     | Mangled by a brown ugly thing

Illustrated notes

Levels and vault maps discovered:
D:1:      dpeg_arrival_tiny_f, layout_rooms, hellmonk_ecumenical_altar_zigzags
D:2:      layout_rooms, chequers_serial_rivers_micro_a
D:3:      layout_rooms, nicolae_ru_awakened_eye, bloody_makhleb,
          chequers_serial_rivers_marsh, uniq_crazy_yiuf_cottage
D:4:      layout_cave_pools, tso_metal_star, serial_shops, shop,
          chequers_arboretum, chequers_mini_garden
D:5:      layout_rooms, vehumet_altar_wand_db
D:6:      layout_rooms, grunt_temple_overflow_diamond,
          mainiacjoe_overflow_tiny_flanked, nicolae_overflow_crystal_walls,
          gup_sewer_entry_bubbles, roderic_batcave
D:7:      layout_basic, mainiacjoe_overflow_alcove_4, temple_fountains
D:8:      layout_loops_ring, serial_shops, shop, grunt_decor_cap,
          hangedman_decor_slide_cut, guppyfry_early_elven_hall
D:9:      kennysheep_blocky_hall, layout_basic, erik_lair_orcish_takeover,
          serial_shops, kennysheep_mini_moat
D:10:     layout_rooms, mainiacjoe_overflow_divided_tiny, lemuel_tele_altar,
          ebering_ghost_funeral_grove, minmay_circle_x, uniq_josephine,
          uniq_sonja, uniq_harold
Temple:   compressed_dpeg_triangle_lava_temple

Skill      XL: |  1  2  3  4  5  6  7  8  9 10 11 |
---------------+----------------------------------+-----
Stealth        | 3 4 5 6 7 9 |  9.7
Poison Magic   | 1 2 3 4 5 7 |  7.0
Dodging        | 3 4 5 6 7 8 |  8.7
Short Blades   | 1 2 |  2.1
Conjurations   | 5 6 7 8 |  8.0
Staves         | 1 2 3 4 5 |  5.0
Evocations     | 1 3 4 6 |  6.6
Fighting       | 1 2 3 |  3.8
Spellcasting   | 4 5 6 7 |  7.1
Hexes          | 3 4 |  4.2

Action                   |  1- 3 |  4- 6 |  7- 9 | 10-12 || total
-------------------------+-------+-------+-------+-------++-------
Melee: Dagger            |    14 |     4 |       |       ||    18
       Punch             |     1 |       |       |       ||     1
       Staff             |       |       |     6 |     1 ||     7
 Cast: Magic Dart        |    51 |    53 |    24 |       ||   128
       Searing Ray       |     5 |    12 |    63 |    39 ||   119
       Poisonous Vapours |     2 |     8 |       |       ||    10
       Olgreb's Toxic Ra |       |       |    19 |    19 ||    38
       Fulminant Prism   |       |       |       |     9 ||     9
  Use: Scroll            |       |     6 |    17 |     8 ||    31
       Potion            |       |       |     2 |     5 ||     7
 Stab: Sleeping          |     1 |       |     2 |       ||     3
Armor: Robe              |     9 |     3 |    19 |    30 ||    61
Dodge: Dodged            |    19 |    11 |    55 |    62 ||   147

Table legend: (Time is in decaauts)
 A = Elapsed time spent in this place.
 B = Non-inter-level travel time spent in this place.
 C = Inter-level travel time spent in this place.
 D = Time resting spent in this place.
 E = Time spent auto-exploring this place.
 F = Levels seen in this place.
 G = Mean time per level.
                   A        B        C        D        E       F      G
               +--------+--------+--------+--------+--------+-----+--------+
         Total |  11238 |  10990 |    248 |   2856 |   5061 |  12 |  936.5 |
       Dungeon |  10555 |  10325 |    230 |   2783 |   4639 |  10 | 1055.5 |
        Temple |    261 |    243 |     18 |      0 |    197 |   1 |  261.0 |
         Sewer |    422 |    422 |      0 |     73 |    224 |   1 |  422.0 |
               +--------+--------+--------+--------+--------+-----+--------+

Top non-repeatable levels by time:
    D:10: 1571 daAuts
     D:8: 1552 daAuts
     D:3: 1288 daAuts
     D:9: 1271 daAuts
     D:6: 935 daAuts
     D:2: 928 daAuts
     D:7: 819 daAuts
     D:5: 788 daAuts
     D:4: 731 daAuts
     D:1: 667 daAuts
   Sewer: 422 daAuts
  Temple: 261 daAuts
